 Dungeon Crawl Stone Soup version 0.30-a0-867-g305f33218d (webtiles) character file.

Game seed: 4442760780352742261

27 MacCMillion the Chopper (level 2, 23/23 HPs)
             Began as a Demonspawn Gladiator on Mar 10, 2023.
             Quit the game on level 2 of the Dungeon on Mar 18, 2023.
             The game lasted 00:01:34 (937 turns).

MacCMillion the Chopper (Demonspawn Gladiator)       Turns: 937, Time: 00:01:35

Health: 23/23      AC:  4    Str: 14    XL:     2   Next: 93%
Magic:  2/2        EV: 12    Int:  9    God:
Gold:   7          SH:  0    Dex: 14    Spells: 1/1 levels left

rFire   . . .      SeeInvis .    a - +0 war axe
rCold   + . .      Faith    .    (no shield)
rNeg    . . .      Spirit   .    b - +0 leather armour
rPois   .          Reflect  .    c - +0 helmet
rElec   .          Rampage  .    (no cloak)
rCorr   .                        (no gloves)
Will    .....                    (no boots)
Stlth   +                        (no amulet)
HPRegen 0.23/turn                m - ring of protection from cold
MPRegen 0.08/turn                (no ring)

@: no status effects
A: powered by pain 1
a: no special abilities


You were on level 2 of the Dungeon.
You visited 1 branch of the dungeon, and saw 2 of its levels.

You collected 7 gold pieces.

Inventory:

Hand Weapons
 a - a +0 war axe (weapon)
Missiles
 d - 5 throwing nets (quivered)
 e - a javelin
Armour
 b - a +0 leather armour (worn)
 c - a +0 helmet (worn)
 j - a +0 pair of boots
Jewellery
 m - a ring of protection from cold (left hand)
Scrolls
 g - 3 scrolls of identify {unknown}
 i - 2 scrolls of amnesia {unknown}
 l - a scroll of fear {unknown}
Potions
 f - 2 potions of mutation {unknown}
 h - a potion of curing {unknown}
 k - a potion of flight {unknown}


   Skills:
 + Level 2.5 Fighting
 * Level 3.4 Axes
 - Level 1.8 Throwing
 - Level 2.7 Dodging


You had one spell level left.
You didn't know any spells.
Your spell library contained the following spells:

 Spells                   Type           Power      Damage    Failure   Level
 Blink                    Tloc           0%         N/A       61%         2
 Lesser Beckoning         Tloc           0%         N/A       61%         2
 Momentum Strike          Conj/Tloc      0%         3d8       61%         2
 Manifold Assault         Tloc           0%         N/A       99%         4
 Storm Form               Tmut/Air       0%         N/A       100%        7


Dungeon Overview and Level Annotations

Branches:
Dungeon (2/15)

Altars:
Okawaru

Shops:
D:1 *


Innate Abilities, Weirdness & Mutations

You sometimes gain a little power by taking damage.


Message History

The kobold throws a stone.
The stone misses you. The kobold hits you with a +0 whip.
You hit the kobold.
The kobold is severely wounded.
The kobold closely misses you.
You closely miss the kobold.
The kobold is severely wounded.
The kobold misses you. The kobold hits you but does no damage.
You hit the kobold but do no damage.
The kobold is severely wounded.
The kobold hits you but does no damage.
You slash the kobold!
You kill the kobold!
No target in view!
Found an escape hatch in the floor.
m - a ring of protection from cold A dart slug comes into view.
m - a ring of protection from cold (left hand)
You slash the dart slug!
The dart slug is severely wounded.
The dart slug launches a dart at you.
The slug dart hits you but does no damage.
You barely miss the dart slug.
The dart slug is severely wounded.
The dart slug bites you.
You slash the dart slug!
You kill the dart slug!
No target in view!
Found a stone staircase leading up.
Found an iron altar of Okawaru.
Found 5 stones.
You open the door.
There is an open door here.
A worm and a kobold come into view.
The kobold shouts!
There are monsters nearby!
Okay, then.
Welcome back, MacCMillion the Demonspawn Gladiator.
Press ? for a list of commands and other information.
Are you sure you want to abandon this character and quit the game? (Confirm with "yes".)

...w.... .# #.....K##. ...
#........ ...##+#......# .
.............#..
...............
#............
#....@......#+
.###....######..........
...............#.........
..##....####.............
........#...............
......##'#...............
#.....................#
#.....................# .
#................†....###.


You could see a worm and a kobold.

Vanquished Creatures
  An adder (D:2)
  A dart slug (D:2)
  2 goblins
  4 hobgoblins
  4 kobolds
  A ball python (D:1)
  A bat (D:1)
  A rat (D:1)
15 creatures vanquished.

Notes
Turn   | Place    | Note
-------+----------+-------------------------------------------
     0 | D:1      | MacCMillion the Demonspawn Gladiator began the quest for
                  | the Orb.
     0 | D:1      | Reached XP level 1. HP: 16/16 MP: 1/1
     0 | D:1      | Noticed a shadow dragon
     0 | D:1      | Noticed an ice dragon
     3 | D:1      | Noticed a large abomination
     5 | D:1      | Noticed a shadow dragon
     7 | D:1      | Noticed an orb of fire
     9 | D:1      | Noticed an ice dragon
    11 | D:1      | Noticed a black draconian
    11 | D:1      | Noticed an ice dragon
    13 | D:1      | Noticed a golden dragon
    13 | D:1      | Noticed an orb of fire
    15 | D:1      | Noticed a large abomination
    17 | D:1      | Noticed an ice dragon
    17 | D:1      | Noticed a tentacled monstrosity
    17 | D:1      | Noticed an orb of fire
    19 | D:1      | Noticed a tentacled monstrosity
    19 | D:1      | Noticed an ice dragon
    21 | D:1      | Noticed an iron dragon
   273 | D:1      | Found Dioruseh's General Store.
   471 | D:1      | Reached skill level 3 in Axes
   472 | D:1      | Gained mutation: You sometimes gain a little power by
                  | taking damage. [demonic ancestry]
   472 | D:1      | Reached XP level 2. HP: 22/22 MP: 2/2
   587 | D:1      | Found a faded altar of an unknown god.
   914 | D:2      | Found an iron altar of Okawaru.
   937 | D:2      | Quit the game

Illustrated notes

Levels and vault maps discovered:
D:1:      shiori_arrival_whats_in_store_for_you, layout_basic, serial_shops,
          nicolae_shop_hallway_plus, chequers_ecumenical_altar_grove,
          st_stairs_1
D:2:      layout_basic, basic_altar, minmay_misc_feat_roman

Skill      XL: |  1 |
---------------+----+-----
Axes           | 3 |  3.4
Fighting       | |  2.5
Throwing       | |  1.8
Dodging        | |  2.7

Action                     || total
---------------------------++-------
  Melee: War axe           ||    46
 Armour: Leather armour    ||    17
  Dodge: Dodged            ||    38

Table legend: (Time is in decaauts)
 A = Elapsed time spent in this place.
 B = Non-inter-level travel time spent in this place.
 C = Inter-level travel time spent in this place.
 D = Time resting spent in this place.
 E = Time spent auto-exploring this place.
 F = Levels seen in this place.
 G = Mean time per level.
                   A        B        C        D        E       F      G
               +--------+--------+--------+--------+--------+-----+--------+
         Total |    953 |    927 |     26 |     82 |    701 |   2 |  476.5 |
       Dungeon |    953 |    927 |     26 |     82 |    701 |   2 |  476.5 |
               +--------+--------+--------+--------+--------+-----+--------+

Top non-repeatable levels by time:
     D:1: 806 daAuts
     D:2: 146 daAuts
